 Dungeon Crawl Stone Soup version 0.17-a0-1046-ga09e34d (webtiles) character file.

174 namelastname112 the Slasher (level 5, -3/70 HPs)
             Began as a Draconian Berserker on May 15, 2015.
             Was a Priest of Trog.
             Slain by a gnoll
             ... wielding a +0 spear
              (9 damage)
             ... on level 3 of the Dungeon.
             The game lasted 00:02:50 (1772 turns).

namelastname112 the Slasher (Draconian Berserker)   Turns: 1772, Time: 00:02:50

Health: -3/70      AC:  6    Str: 25    XL:     5   Next: 28%
Magic:  5/5        EV: 13    Int:  7    God:    Trog [***...]
Gold:   105        SH:  0    Dex: 11    Spells: 0 memorised, 4 levels left

rFire  . . .     SeeInvis .     a - +0 falchion
rCold  . . .     Clarity  .     (armour unavailable)
rNeg   . . .     SustAb   .     (no shield)
rPois  .         Gourm    .     (helmet restricted)
rElec  .         Spirit   .     (no cloak)
rCorr  .         Warding  .     e - +0 pair of gloves
rMut   .         Stasis   .     (no boots)
MR     +....                    (no amulet)
Stlth  ..........               (no ring)
                                n - ring of protection from magic

@: berserking (expiring), lethally poisoned (-3 -> -4), very quick, somewhat
resistant to hostile enchantments, extremely unstealthy
A: unfitting armour, cold-blooded, AC +5
a: Burn Spellbooks, Berserk, Trog's Hand, Renounce Religion


You were on level 3 of the Dungeon.
You worshipped Trog.
Trog was most pleased with you.
You were not hungry.

You visited 1 branch of the dungeon, and saw 3 of its levels.

You collected 105 gold pieces.

Inventory:

Hand weapons
 a - a +0 falchion (weapon)
Armour
 e - a +0 pair of gloves (worn)
Jewellery
 n - a ring of protection from magic (left hand)
Scrolls
 h - a scroll of random uselessness {unknown}
 j - a scroll of recharging {unknown}
 l - a scroll of enchant armour {unknown}
Potions
 d - a potion of brilliance {unknown}
 f - a potion of curing {unknown}
 g - a potion of agility {unknown}
 i - 3 potions of heal wounds {unknown}
Comestibles
 b - 3 bread rations
 c - 2 meat rations
 k - a slice of pizza
 m - 2 chunks of flesh


   Skills:
 + Level 4.4 Fighting
 * Level 4.8 Long Blades
 + Level 3.4 Dodging


You had 4 spell levels left.
You didn't know any spells.

Dungeon Overview and Level Annotations

Branches:
Dungeon (3/15)

Altars:
Kikubaaqudgha


Innate Abilities, Weirdness & Mutations

Your plain brown scales are hard (AC +5).
Your body does not fit into most forms of armour.
You are cold-blooded and may be slowed by cold attacks.


Message History

The gnoll seems to speed up.
The gnoll hits you from afar with a spear.
* * * LOW HITPOINT WARNING * * *
You barely miss the gnoll shaman.
You feel sick. The gnoll hits you but does no damage.
You slash the gnoll shaman!
The gnoll shaman is severely wounded.
The gnoll hits you from afar with a spear.
* * * LOW HITPOINT WARNING * * *
The gnoll shaman closely misses you.
You slash the gnoll shaman!
You kill the gnoll shaman!
Trog accepts your kill.
The gnoll hits you from afar with a spear!
* * * LOW HITPOINT WARNING * * *
Unknown command.
The gnoll hits you but does no damage.
You closely miss the gnoll.
Your tail-slap misses the gnoll.
The gnoll hits you with a spear!
You die...

..........###.....%
###.....(.# #......
#....†.†# #......
#.......###......
........))........
....#####.....####
.... ###.)...####
.. #..........#
#...##)@...#
#...##.g...#
#...##.....# #...
#.....# ### #.....#
#.....# #.....#
#.....#


You could see a gnoll.

Vanquished Creatures
  An orc priest (D:3)
  A gnoll shaman (D:3)
  2 gnolls (D:3)
  2 adders
  4 giant geckos
  4 orcs (D:3)
  A bat zombie (D:2)
  8 giant cockroaches
  3 hobgoblins
  10 jackals
  7 kobolds
  4 quokkas (D:2)
  2 ball pythons
  5 bats
  7 giant newts
  6 goblins
  8 rats
75 creatures vanquished.

Notes
Turn   | Place    | Note
--------------------------------------------------------------
     0 | D:1      | namelastname112 the Draconian Berserker began the quest for the Orb.
     0 | D:1      | Reached XP level 1. HP: 19/19 MP: 1/1
   177 | D:1      | Reached XP level 2. HP: 15/26 MP: 2/2
   310 | D:1      | Reached XP level 3. HP: 16/31 MP: 3/3
   505 | D:1      | Acquired Trog's second power
   977 | D:2      | Reached skill level 4 in Fighting
  1339 | D:2      | Found an ancient bone altar of Kikubaaqudgha.
  1573 | D:3      | Reached XP level 4. HP: 25/40 MP: 4/4
  1760 | D:3      | Reached XP level 5. HP: 20/47 MP: 5/5
  1772 | D:3      | Slain by a gnoll

Vault maps used:
D:1:      dpeg_arrival_tiny_a
D:2:      lemuel_upstairs_altar, lemuel_zombie_altar_kikubaaqudgha, first_bread

Action                   |  1- 3 |  4- 6 || total
-------------------------+-------+-------++-------
Melee: Falchion          |   146 |    56 ||   202
Invok: Berserk           |       |     2 ||     2
  Eat: Chunk             |     1 |     3 ||     4
